 Dungeon Sprint DCSS version 0.20.1-1-g8b1a95d (webtiles) character file.

1298 equalderp2856 the Cleaver (level 8, -5/118 HPs)
             Began as a Minotaur Fighter on Oct 11, 2017.
             Was an Initiate of Gozag.
             Slain by a redback (10 damage)
             ... in the Dungeon (Sprint I: "Red Sonja").
             The game lasted 00:01:32 (881 turns).

equalderp2856 the Cleaver (Minotaur Fighter)         Turns: 881, Time: 00:01:33

Health: -5/118     AC: 24    Str: 20    XL:     8   Next: 31%
Magic:  7/7        EV:  2    Int:  5    God:    Gozag
Gold:   306        SH: 12    Dex: 13    Spells: 7/7 levels left

rFire    . . .     SeeInvis .   a - +0 war axe
rCold    . . .     Gourm    .   c - +0 shield
rNeg     + + +     Faith    .   (armour currently unavailable)
rPois    +         Spirit   .   (helmet currently unavailable)
rElec    .         Reflect  .   (cloak currently unavailable)
rCorr    .         Harm     .   (gloves currently unavailable)
MR       .....     NoTele   +   (boots currently unavailable)
Stlth    ++........             (no amulet)
Regen    0.3/turn               (no ring)
MPRegen  0.1/turn               (no ring)

@: tree-form (expiring), berserk cooldown, slowed, very slow
A: (retaliatory headbutt)
a: Potion Petition, Call Merchant, Bribe Branch, Renounce Religion


You were in the Dungeon.
You worshipped Gozag.
Gozag was aware of your devotion.
You were not hungry.
You were a tree.
You visited 1 branch You collected 306 gold pieces.

Inventory:

Hand Weapons
 a - a +0 war axe (weapon)
Armour
 b - a +0 scale mail (melded)
 c - a +0 shield (worn)
Wands
 e - a wand of flame (5/48)
Scrolls
 k - a scroll of blinking
 l - a scroll of identify {unknown}
Potions
 d - a potion of might
 h - a potion of haste
 i - 2 potions of magic
Comestibles
 f - a bread ration
 m - a meat ration


   Skills:
 + Level 10.0 Fighting
 + Level 11.7 Axes
 + Level 11.1 Armour
 + Level 6.0 Dodging
 + Level 1.2 Stealth
 + Level 10.8 Shields


You had 7 spell levels left.
You didn't know any spells.

Dungeon Overview and Level Annotations

Branches:
Dungeon (1/1)

Altars:
Cheibriados
Dithmenos
Elyvilon
Fedhas
Gozag
Hepliaklqana
Kikubaaqudgha
Nemelex Xobeh
Okawaru
Qazlal
Ru
Sif Muna
Trog
Uskayaw
Vehumet
Yredelemnul
Zin
The Shining One

Shops:
D ?

Annotations:
D exclusion: oklob plant


Innate Abilities, Weirdness & Mutations

((You reflexively headbutt those who attack you in melee.))
((You have a pair of horns on your head.))


Message History

The centaur warrior hits you but does no damage.
You block the redback's attack. The centaur warrior hits you.
* * * LOW HITPOINT WARNING * * *
The redback bites you but does no damage.
Unknown command.
You closely miss the centaur warrior.
The centaur warrior is heavily wounded.
You hit the redback. You block the centaur warrior's attack.
The redback bites you but does no damage.
The centaur warrior hits you but does no damage.
The redback bites you.
* * * LOW HITPOINT WARNING * * *
You hit the centaur warrior.
The centaur warrior is severely wounded.
You closely miss the redback.
Your transformation is almost over.
The centaur warrior hits you but does no damage.
The redback bites you!
You die...
Your body crumbles into a pile of gold.

############
..').#..'..# $$ $$ $$
).#..').#..+ $$ $
####'#####'# #### $
###..#$$$#(####"♣# #
$ $
__####$$##.#§§§cs#$$#
$
_____##+#.()§§§§§§..#
$
_.∩...'..._#§≈§.§#§$#
$$$
_..__##_.#'##+#####'#
_____###+#)# $


P'$ ###### ### $ #§# $ $ $$ $$ .# $$ $ $ $# $$ $ $ You could see a centaur
warrior and a redback.

Vanquished Creatures
  A centaur warrior (D)
  A hornet (D)
  Sigmund (D)
  A yak (D)
  An ogre (D)
  A jelly (D)
  Ijyb (D)
7 creatures vanquished.

Notes
Turn   | Place    | Note
-------+----------+-------------------------------------------
     0 | D        | equalderp2856 the Minotaur Fighter began the quest for the Orb.
     0 | D        | Reached XP level 1. HP: 19/19 MP: 0/0
     2 | D        | Noticed Ijyb
    30 | D        | Killed Ijyb
    30 | D        | Reached skill level 5 in Armour
    30 | D        | Reached skill level 1 in Dodging
    30 | D        | Reached skill level 5 in Shields
    30 | D        | Reached XP level 2. HP: 9/28 MP: 1/1
   236 | D        | Noticed an ogre
   245 | D        | Killed an ogre
   245 | D        | Reached skill level 5 in Fighting
   245 | D        | Reached skill level 5 in Axes
   245 | D        | Reached XP level 3. HP: 5/37 MP: 2/2
   245 | D        | Reached XP level 4. HP: 6/44 MP: 3/3
   515 | D        | Noticed Sigmund
   526 | D        | Killed Sigmund
   526 | D        | Reached XP level 5. HP: 42/52 MP: 4/4
   604 | D        | Found a deep blue altar of Sif Muna.
   606 | D        | Found a radiant altar of Vehumet.
   608 | D        | Reached XP level 6. HP: 56/60 MP: 5/5
   635 | D        | Found Kudutz's Magic Scroll Emporium.
   635 | D        | Found an ancient bone altar of Kikubaaqudgha.
   635 | D        | Found a hazy altar of Hepliaklqana.
   635 | D        | Found a stormy altar of Qazlal.
   635 | D        | Found a hide-covered altar of Uskayaw.
   635 | D        | Found a blossoming altar of Fedhas.
   635 | D        | Found a bloodstained altar of Trog.
   635 | D        | Found an iron altar of Okawaru.
   635 | D        | Found a basalt altar of Yredelemnul.
   635 | D        | Found a glowing golden altar of the Shining One.
   635 | D        | Found a snail-covered altar of Cheibriados.
   635 | D        | Found a sacrificial altar of Ru.
   635 | D        | Found a glowing silver altar of Zin.
   635 | D        | Found a shadowy altar of Dithmenos.
   635 | D        | Found a white marble altar of Elyvilon.
   635 | D        | Noticed a yak
   647 | D        | Killed a yak
   648 | D        | Found an opulent altar of Gozag.
   649 | D        | Found a sparkling altar of Nemelex Xobeh.
   825 | D        | Became a worshipper of Gozag Ym Sagoz the Greedy
   839 | D        | Noticed a centaur warrior
   840 | D        | Noticed a centaur warrior
   856 | D        | Killed a centaur warrior
   856 | D        | Reached skill level 5 in Dodging
   856 | D        | Reached skill level 1 in Stealth
   856 | D        | Reached skill level 10 in Shields
   856 | D        | Reached XP level 7. HP: 41/71 MP: 6/6
   856 | D        | Reached XP level 8. HP: 46/79 MP: 7/7
   863 | D        | Noticed a hornet
   863 | D        | Noticed an oklob plant
   876 | D        | Killed a hornet
   876 | D        | Reached skill level 10 in Fighting
   880 | D        | HP: 4/118 [redback (3)]
   881 | D        | Slain by a redback

Skill      XL: |  1  2  3  4  5  6  7  8 |
---------------+-------------------------+-----
Fighting       | 4 5 7 9 10 | 10.0
Axes           | 3 5 7 11 | 11.7
Armour         | 5 7 8 9 11 | 11.1
Dodging        | 1 2 3 5 6 |  6.0
Shields        | 5 6 8 10 | 10.8
Stealth        | 1 |  1.2

Action                   |  1- 3 |  4- 6 |  7- 9 || total
-------------------------+-------+-------+-------++-------
Melee: War axe           |    33 |    33 |    16 ||    82
       Headbutt          |     6 |     8 |     1 ||    15
  Use: Potion            |     2 |     1 |     1 ||     4
Armor: Scale mail        |    12 |     2 |     2 ||    16
       Skin              |       |       |    24 ||    24
Dodge: Dodged            |     4 |     6 |     4 ||    14
Block: Shield            |    12 |    19 |    25 ||    56
